 Dungeon Crawl Stone Soup version 0.19-a0-860-g5c370dd (webtiles) character file.

47 GlaceonGamingDJ the Skirmisher (level 3, -1/30 HPs)
             Began as a Demonspawn Abyssal Knight on July 2, 2016.
             Was a Believer of Lugonu.
             Slain by a goblin (2 damage)
             ... led by Robin
             ... on level 2 of the Dungeon.
             The game lasted 00:07:02 (1056 turns).

GlaceonGamingDJ the Skirmisher (DsAK)               Turns: 1056, Time: 00:07:03

Health: -1/30      AC:  3    Str: 12    XL:     3   Next: 48%
Magic:  4/4        EV: 11    Int: 16    God:    Lugonu [**....]
Gold:   54         SH:  0    Dex: 12    Spells: 0 memorised, 2 levels left

rFire  . . .     SeeInvis .     a - +1 hand axe
rCold  . . .     Gourm    .     b - +0 leather armour
rNeg   . . .     Faith    .     (no shield)
rPois  .         Spirit   .     (no helmet)
rElec  .         Dismiss  .     (no cloak)
rCorr  .         Reflect  .     (no gloves)
SustAt .         Harm     .     (no boots)
MR     .....                    (no amulet)
Stlth  +.........               (no ring)
                                (no ring)

@: lethally poisoned (-1 -> -5), not resistant to hostile enchantments, very
unstealthy
A: clever 1, spiny 2, wild magic 1, no device heal 1
a: Depart the Abyss, Bend Space, Renounce Religion


You were on level 2 of the Dungeon.
You worshipped Lugonu.
Lugonu was pleased with you.
You were not hungry.

You visited 1 branch of the dungeon, and saw 2 of its levels.
You visited the Abyss 1 time.

You collected 54 gold pieces.

Inventory:

Hand Weapons
 a - a +1 hand axe (weapon)
Armour
 b - a +0 leather armour (worn)
Scrolls
 d - a scroll of remove curse {unknown}
Potions
 e - a potion of might
Comestibles
 c - a bread ration


   Skills:
 + Level 3.7 Fighting
 + Level 2.0 Axes
 + Level 2.2 Armour
 + Level 1.2 Dodging
 + Level 0.6 Stealth
 + Level 2.5 Invocations


You had 2 spell levels left.
You didn't know any spells.

Dungeon Overview and Level Annotations

Branches:
Dungeon (2/15)

Altars:

Annotations:
D:2 Robin


Innate Abilities, Weirdness & Mutations

You are mostly covered in sharp spines.
Your mind is acute. (Int +2)
Your spells are a little harder to cast, but a little more powerful.
Potions and wands are less effective at restoring your health.


Message History

Robin throws the goblin at you!
* * * LOW HITPOINT WARNING * * *
A goblin comes into view.
The hobgoblin shouts!
The goblin shouts! x2
Robin's bangles clink loudly.
Robin throws the goblin at you!
* * * LOW HITPOINT WARNING * * *
A goblin comes into view.
The goblin shouts!
You hear a shout!
You hit the hobgoblin.
The hobgoblin is severely wounded.
You hit the goblin.
You kill the goblin!
Lugonu accepts your kill.
You hit the goblin.
* * * LOW HITPOINT WARNING * * *
You feel sick. The goblin hits you.
* * * LOW HITPOINT WARNING * * *
Robin throws the goblin at you! The goblin hits you.
You die...

##.# ...# ##.#
#. . ... . ...##
. .....######
..##....>.#
....$.....####g#
#....@g.g.g.#
#...g.g######
#......#
#.##.### #. #.#
# #.# #.# #.#
#.#


You could see Robin, 2 hobgoblins and 3 goblins.

Vanquished Creatures
  An adder (D:2)
  2 worms
  A dart slug (D:1)
  A giant gecko (D:1)
  A ball python (D:1)
  3 goblins
  5 hobgoblins
  A quokka (D:2)
  3 bats (D:1)
  2 giant newts
  7 kobolds
  2 rats (D:1)
29 creatures vanquished.

Notes
Turn   | Place    | Note
-------+----------+-------------------------------------------
     0 | Abyss:1  | GlaceonGamingDJ the Demonspawn Abyssal Knight began the quest for the Orb.
     0 | Abyss:1  | Reached XP level 1. HP: 18/18 MP: 2/2
    22 | D:1      | Escaped the Abyss
   172 | D:1      | Gained mutation: You are partially covered in sharp spines. [demonic ancestry]
   172 | D:1      | Reached XP level 2. HP: 11/24 MP: 3/3
   215 | D:1      | Reached skill level 1 in Dodging
   343 | D:1      | Gained mutation: Potions and wands are less effective at restoring your health. [potion of mutation]
   343 | D:1      | Gained mutation: Your mind is acute. (Int +2) [potion of mutation]
   343 | D:1      | Gained mutation: Your spells are a little harder to cast, but a little more powerful. [potion of mutation]
   812 | D:2      | Reached ** piety under Lugonu
   867 | D:2      | Gained mutation: You are mostly covered in sharp spines. [demonic ancestry]
   867 | D:2      | Reached XP level 3. HP: 24/29 MP: 4/4
  1053 | D:2      | Noticed Robin
  1056 | D:2      | HP: 1/30 [goblin[Robin] (3)]
  1056 | D:2      | Slain by a goblin

Vault maps used:
D:1:      mrwooster_arrival_arrow
D:2:      uniq_robin
Abyss:1:  evilmike_abyss_exit_mutagenic

Skill      XL: |  1  2  3 |
---------------+----------+-----
Armour         | 2 |  2.2
Dodging        | 1 |  1.2
Axes           | 2 |  2.0
Fighting       | |  3.7
Stealth        | |  0.6
Invocations    | |  2.5

Action                   || total
-------------------------++-------
Melee: Hand axe          ||    71
  Use: Scroll            ||     1
       Potion            ||     4
  Eat: Fruit             ||     3
Armor: Leather armour    ||    14
Dodge: Dodged            ||    36
